 Dungeon Crawl Stone Soup version 0.24.0-37-gcf1ca852f1 (webtiles) character file.

Game seed: 1553055967422505316, levelgen mode: deterministic

45707 Curus the Severer (level 14, -3/124 HPs)
             Began as a White Draconian Berserker on Dec 3, 2019.
             Was a High Priest of Trog.
             Slain by a swamp dragon (5 damage)
             ... on level 6 of the Lair of Beasts on Dec 4, 2019.
             The game lasted 01:17:21 (17515 turns).

Curus the Severer (White Draconian Berserker)      Turns: 17515, Time: 01:17:22

Health: -3/124     AC: 17    Str: 21    XL:     14   Next: 2%
Magic:  0/5        EV: 18    Int:  8    God:    Trog [*****.]
Gold:   986        SH:  0    Dex: 14    Spells: 13/13 levels left

rFire    . . .     SeeInvis .   Q - +5 battleaxe (antimagic)
rCold    + + .     Gourm    .   (shield currently unavailable)
rNeg     . . .     Faith    +   (armour unavailable)
rPois    .         Spirit   +   s - +2 hat
rElec    .         Reflect  .   x - scarf {Spirit}
rCorr    +         Harm     .   J - +1 pair of gloves
MR       +....                  L - +1 pair of boots {Fly}
Stlth    +.........             k - amulet of faith
HPRegen  0.30/turn              B - ring of resist corrosion
MPRegen  0.09/turn              u - ring "Ydadie Ogeyl" {rC+ AC+3}

@: berserk cooldown, flying, slowed, very slow
A: breathe frost, unfitting armour, cold resistance 1, cold-blooded, AC +8
a: Breathe Frost, Berserk, Trog's Hand, Brothers in Arms, Renounce Religion,
Stop Flying


You were on level 6 of the Lair of Beasts.
You worshipped Trog.
Trog was extremely pleased with you.
You were near starving.

You visited 2 branches of the dungeon, and saw 16 of its levels.

You collected 1238 gold pieces.
You spent 252 gold pieces at shops.

Inventory:

Hand Weapons
 a - a +1 hand axe
 w - the +7 great mace "Hinuh" {elec, rC++ MR+ Int-3 Dex+3}
   (You took it off a two-headed ogre on level 8 of the Dungeon)

   Occasionally, upon striking a foe, it will discharge some electrical energy
   and cause terrible harm.
   It affects your intelligence (-3).
   It affects your dexterity (+3).
   It greatly protects you from cold.
   It affects your resistance to hostile enchantments.
 A - a +2 antimagic broad axe
 K - a +5 bardiche of venom
 Q - a +5 antimagic battleaxe (weapon)
Armour
 f - a +0 buckler
 g - a +2 pair of boots
 h - a +0 cloak
 s - a +2 hat (worn)
 x - a scarf of spirit shield (worn)
 J - a +1 pair of gloves (worn)
 L - a +1 pair of boots of flying (worn)
Jewellery
 k - an amulet of faith (around neck)
 n - a +2 ring of strength
 u - the ring "Ydadie Ogeyl" (right hand) {rC+ AC+3}
   (You acquired it on level 9 of the Dungeon)

   [ring of protection]

   It affects your AC (+3).
   It protects you from cold.
 B - a ring of resist corrosion (left hand)
 C - a cursed amulet of inaccuracy
Wands
 r - a wand of acid (3)
 z - a wand of clouds (3)
 N - a wand of random effects (24)
Scrolls
 d - 14 scrolls of identify
 o - 3 scrolls of fog
 t - 2 scrolls of magic mapping
 y - 2 scrolls of teleportation
 E - a scroll of fear
 F - 2 scrolls of remove curse
 G - 3 scrolls of blinking
 O - a scroll of enchant armour
Potions
 c - 3 potions of heal wounds
 e - 6 potions of curing
 i - 3 potions of invisibility
 j - 2 potions of agility
 l - 2 potions of magic
 m - 3 potions of flight
 p - 2 potions of mutation
 q - 4 potions of haste
 v - 2 potions of brilliance
 D - a potion of berserk rage
 H - a potion of ambrosia
 I - 2 potions of lignification
 P - 2 potions of cancellation
Comestibles
 b - 37 rations


   Skills:
 + Level 11.4 Fighting
 - Level 18.0 Axes
 + Level 9.7 Dodging
 - Level 4.1 Shields
 - Level 5.0 Evocations


You had 13 spell levels left.
You didn't know any spells.
Your spell library was empty.

Dungeon Overview and Level Annotations

Branches:
Dungeon (10/15)            Temple (0/1) D:7            Lair (6/6) D:10
 Shoals (0/4) Lair:3       Spider (0/4) Lair:4        Slime (0/5) Lair:6
    Orc (0/2) D:9

Altars:
Ashenzari
Cheibriados
Fedhas
Gozag
Hepliaklqana
Kikubaaqudgha
Makhleb
Nemelex Xobeh
Ru
Vehumet
Zin
The Shining One

Shops:
D:6 :   D:7 !

Annotations:
Lair:6 exclusion: oklob plant


Innate Abilities, Weirdness & Mutations

You can breathe waves of freezing cold.
You can buffet flying creatures when you breathe cold.
Your icy white scales are hard. (AC +8)
You cannot fit into any form of body armour.
Your flesh is cold resistant. (rC+)
You are cold-blooded and may be slowed by cold attacks.


Message History

The swamp dragon completely misses you. The swamp dragon misses you.
All of the chunks of flesh in your inventory have rotted away.
* * * LOW HITPOINT WARNING * * *
You feel very sick.
Your ogre is engulfed in poison gas.
Your ogre is poisoned.
Your ogre is engulfed in poison gas.
Your ogre looks even sicker.
You feel better.
You are near starving!
The fire dragon bites you!
* * * LOW HITPOINT WARNING * * *
The fire dragon barely misses you. The fire dragon tramples you.
* * * LOW HITPOINT WARNING * * *
You are shoved backwards!
Your ogre hits the fire dragon with a +0 giant club!
The swamp dragon closely misses you.
The swamp dragon claws you but does no damage.
The swamp dragon tramples you.
You die...

♣.....≈♣♣ $.≈≈≈..♣♣
♣.....(.♣♣ $..≈≈≈.♣
♣.♣♣≈≈≈..♣♣♣♣.≈≈≈≈≈♣
..♣≈≈♣♣≈.P♣♣.≈≈≈≈≈≈♣
♣...♣♣..≈≈♣♣♣≈≈≈≈○≈♣
..≈≈♣♣♣..≈≈♣♣.≈°○≈°♣
♣≈≈♣≈.♣..≈..♣♣.○○○≈♣
≈≈.♣..♣..≈♣♣♣.♣DDO○♣
.≈♣♣♣..♣♣.≈≈♣♣.≈@.°♣
♣..♣♣...♣..≈≈≈≈≈≈.♣♣
♣≈≈♣♣.♣♣♣♣P≈≈≈.P..♣
.≈≈♣♣♣♣ ♣♣P.≈...♣♣
..P.### ♣♣♣♣♣♣♣♣
......# #### ......#
###..# ....P.##
##...### #P...#.##
#......#


You could see a fire dragon, a swamp dragon and a friendly ogre (berserk).

Vanquished Creatures
  A fire dragon (Lair:6)
  The ghost of larifari the Cleaver, a journeyman FoFi of Wu Jian (D:8)
  2 hydras
  2 two-headed ogres
  2 lindwurms
  An oklob plant (Lair:1)
  An orb spider (Lair:4)
  18 elephants
  A gargoyle (D:10)
  5 torpor snails (Lair:6)
  6 spiny frogs
  3 rime drakes (Lair:6)
  5 komodo dragons
  2 trolls (D:10)
  2 polar bears (Lair:6)
  4 tyrant leeches (Lair:6)
  10 hornets
  Grinder (D:3)
  5 blink frogs (Lair:1)
  7 dream sheep
  3 hippogriffs
  A wyvern (Lair:5)
  Sigmund (D:2)
  44 yaks
  4 basilisks
  Grum (D:9)
  2 steam dragons (D:10)
  9 porcupines
  12 water moccasins
  3 orc warriors
  3 swamp drakes
  A sky beast (D:5)
  3 black bears
  5 ice beasts
  A necrophage (D:9)
  10 ogres
  An eye of draining (D:10)
  10 wolves
  5 centaurs
  14 crocodiles
  A big kobold (D:7)
  12 bullfrogs
  A water moccasin zombie (D:8)
  6 scorpions
  7 killer bees
  3 electric eels
  A howler monkey (D:6)
  A bullfrog zombie (D:8)
  4 crimson imps
  A quasit (D:9)
  Crazy Yiuf (D:6)
  2 orc priests (D:9)
  7 hounds
  A jelly (D:3)
  3 centaur skeletons
  8 orc wizards
  Jessica (D:2)
  4 iguanas
  A worker ant (D:7)
  2 hound skeletons
  A howler monkey zombie (D:5)
  A worker ant zombie (D:8)
  Robin (D:2)
  7 gnolls
  11 adders
  2 shadow imps
  3 oozes
  An adder zombie (D:8)
  A worm (D:3)
  2 dart slugs
  5 leopard geckos
  30 orcs
  3 giant cockroaches
  9 hobgoblins
  18 jackals
  14 kobolds
  3 quokkas
  A ball python (D:3)
  9 bats
  6 frilled lizards
  16 goblins
  A jackal skeleton (D:8)
  A leopard gecko skeleton (D:6)
  A leopard gecko zombie (D:5)
  7 rats
  A fungus (Lair:5)
  6 plants
440 creatures vanquished.

Vanquished Creatures (collateral kills)
  5 hydras
  A death yak (Lair:5)
  5 elephants
  A spiny frog (Lair:2)
  A komodo dragon (Lair:3)
  A polar bear (Lair:5)
  2 yaks (Lair:6)
  A water moccasin (Lair:3)
  A porcupine (Lair:5)
18 creatures vanquished.

Vanquished Creatures (others)
  A komodo dragon (Lair:6)
  An acid dragon (Lair:6)
  A swamp drake (Lair:6)
  A crocodile (Lair:6)
  10 fungi
  35 plants
49 creatures vanquished.

Grand Total: 507 creatures vanquished

Notes
Turn   | Place    | Note
-------+----------+-------------------------------------------
     0 | D:1      | Curus the Draconian Berserker began the quest for the Orb.
     0 | D:1      | Reached XP level 1. HP: 19/19 MP: 1/1
    89 | D:1      | Reached XP level 2. HP: 25/26 MP: 2/2
   252 | D:1      | Reached skill level 4 in Axes
   439 | D:1      | Reached XP level 3. HP: 31/31 MP: 3/3
   588 | D:2      | Noticed Jessica
   599 | D:2      | Killed Jessica
   633 | D:2      | Reached ** piety under Trog
   645 | D:2      | Reached XP level 4. HP: 29/38 MP: 4/4
   646 | D:2      | Noticed Sigmund
   655 | D:2      | Killed Sigmund
   655 | D:2      | Reached skill level 6 in Axes
   655 | D:2      | Reached XP level 5. HP: 45/45 MP: 5/5
   792 | D:2      | Noticed Robin
   793 | D:2      | Reached XP level 6. HP: 51/51 MP: 6/6
   812 | D:2      | Killed Robin
   862 | D:2      | Reached skill level 7 in Axes
   886 | D:2      | Reached *** piety under Trog
  1465 | D:3      | Noticed Grinder
  1470 | D:3      | Paralysed by Grinder for 7 turns
  1492 | D:3      | Killed Grinder
  1492 | D:3      | Reached skill level 8 in Axes
  1492 | D:3      | Your scales start taking on an icy white colour.
  1492 | D:3      | Reached XP level 7. HP: 19/57 MP: 7/7
  1492 | D:3      | Gained mutation: Your flesh is cold resistant. (rC+) [White
                  | Draconian growth]
  1566 | D:3      | Found an ancient bone altar of Kikubaaqudgha.
  1642 | D:3      | Found a transporter.
  1642 | D:3      | Found a transporter.
  1665 | D:3      | Found a glowing golden altar of the Shining One.
  1728 | D:3      | Found a radiant altar of Vehumet.
  1728 | D:3      | Found a burning altar of Makhleb.
  1922 | D:4      | Found an opulent altar of Gozag.
  2010 | D:4      | Reached skill level 9 in Axes
  2302 | D:4      | Found a shattered altar of Ashenzari.
  2306 | D:4      | Reached **** piety under Trog
  2306 | D:4      | Reached XP level 8. HP: 53/63 MP: 8/8
  2318 | D:4      | Found a glowing silver altar of Zin.
  2321 | D:4      | Found a sparkling altar of Nemelex Xobeh.
  2321 | D:4      | Found a snail-covered altar of Cheibriados.
  2324 | D:4      | Found a blossoming altar of Fedhas.
  2325 | D:4      | Found a hazy altar of Hepliaklqana.
  2347 | D:4      | Reached skill level 10 in Axes
  2979 | D:5      | Entered Level 5 of the Dungeon
  3596 | D:5      | Reached skill level 11 in Axes
  4135 | D:6      | Reached XP level 9. HP: 51/70 MP: 9/9
  4151 | D:6      | Found Qaycwe's Book Boutique.
  4199 | D:6      | Reached skill level 12 in Axes
  4358 | D:6      | Found a runed translucent door.
  4359 | D:6      | Noticed Crazy Yiuf
  4618 | D:6      | Killed Crazy Yiuf
  4673 | D:7      | Reached ***** piety under Trog
  4890 | D:7      | Found Onahacs's Distillery.
  4897 | D:7      | Bought a potion of mutation for 96 gold pieces
  4897 | D:7      | Bought a potion of haste for 120 gold pieces
  4897 | D:7      | Bought a potion of curing for 36 gold pieces
  4922 | D:7      | Found a staircase to the Ecumenical Temple.
  4967 | D:7      | Reached skill level 13 in Axes
  5546 | D:8      | Identified a scroll of acquirement
  5581 | D:8      | Found a transporter.
  5612 | D:8      | Reached skill level 14 in Axes
  5761 | D:8      | Noticed larifari's ghost (journeyman FoFi)
  5765 | D:8      | Identified the +7 great mace "Hinuh" {elec, rC++ MR+ Int-3
                  | Dex+3}
  5765 | D:8      | Noticed a two-headed ogre
  5771 | D:8      | Reached XP level 10. HP: 73/77 MP: 10/10
  5819 | D:8      | Found a transporter.
  6622 | D:9      | Paralysed by a hornet for 3 turns
  6987 | D:9      | Reached skill level 5 in Fighting
  7037 | D:9      | HP: 1/81 [yak (10)]
  7195 | D:9      | Found a staircase to the Orcish Mines.
  7209 | D:9      | Reached skill level 5 in Dodging
  7347 | D:8      | Killed larifari's ghost
  7353 | D:8      | Killed a two-headed ogre
  7803 | D:9      | Found a sacrificial altar of Ru.
  7885 | D:9      | Noticed Grum
  7894 | D:9      | Received a gift from Trog
  7909 | D:9      | Killed Grum
  7941 | D:9      | Reached XP level 11. HP: 53/94 MP: 7/11
  8303 | D:9      | Got a transparent iron ring
  8304 | D:9      | Identified the ring "Ydadie Ogeyl" {rC+ AC+3} (You acquired
                  | it on level 9 of the Dungeon)
  8306 | D:10     | Entered Level 10 of the Dungeon
  8306 | D:10     | Noticed a two-headed ogre
  8315 | D:10     | Killed a two-headed ogre
  8521 | D:10     | Noticed a two-headed ogre
  8808 | D:10     | Found a staircase to the Lair.
  8832 | Lair:1   | Entered Level 1 of the Lair of Beasts
  8842 | Lair:1   | Reached skill level 1 in Shields
  8854 | Lair:1   | Noticed an oklob plant
  8875 | Lair:1   | Killed an oklob plant
  9698 | Lair:1   | Reached skill level 1 in Evocations
 10218 | Lair:2   | Noticed a six-headed hydra
 10224 | Lair:2   | Killed a seven-headed hydra
 10293 | Lair:2   | You fall into a shaft and drop 1 floor!
 10482 | Lair:2   | Reached XP level 12. HP: 96/104 MP: 4/14
 10798 | Lair:2   | Reached skill level 15 in Axes
 11478 | Lair:3   | Noticed an eight-headed hydra
 11486 | Lair:3   | Killed a ten-headed hydra
 11682 | Lair:3   | Found a staircase to the Shoals.
 12322 | Lair:4   | You fall into a shaft and drop 1 floor!
 12387 | Lair:4   | Reached skill level 5 in Evocations
 12553 | Lair:4   | Noticed a four-headed hydra
 12563 | Lair:4   | Killed an eight-headed hydra
 13120 | Lair:4   | Reached skill level 16 in Axes
 13223 | Lair:4   | Noticed a four-headed hydra
 13227 | Lair:4   | Killed a seven-headed hydra
 13758 | Lair:4   | Found a hole to the Spider Nest.
 14376 | Lair:5   | Noticed a death yak
 14376 | Lair:5   | Noticed an eight-headed hydra
 14388 | Lair:5   | Killed a death yak
 14388 | Lair:5   | Reached skill level 17 in Axes
 14391 | Lair:5   | Killed a 12-headed hydra
 14529 | Lair:5   | Received a gift from Trog
 14529 | Lair:5   | Reached XP level 13. HP: 72/111 MP: 3/16
 15335 | Lair:6   | Entered Level 6 of the Lair of Beasts
 15441 | Lair:6   | Reached skill level 18 in Axes
 15794 | Lair:6   | Reached skill level 10 in Fighting
 16017 | Lair:6   | Found a staircase to the Slime Pits.
 16437 | Lair:6   | Received a gift from Trog
 16850 | Lair:6   | Found a runed translucent door.
 16851 | Lair:6   | Noticed a fire dragon
 16895 | Lair:6   | Received a gift from Trog
 17267 | Lair:6   | Killed a fire dragon
 17476 | Lair:6   | Reached XP level 14. HP: 90/124 MP: 5/17
 17514 | Lair:6   | HP: 5/124 [poisoned by a swamp dragon (blast of poison)]
 17515 | Lair:6   | HP: 2/124 [fire dragon (4)]
 17515 | Lair:6   | Slain by a swamp dragon

Levels and vault maps discovered:
D:1:      dpeg_arrival_stonehenge_12_columns, layout_rooms, serial_curves,
          eino_curves_03, eino_curves_04, eino_curves_03, eino_curves_02,
          st_stairs_2, chequers_serial_rivers_room_a, columned_hall_lemuel
D:2:      minmay_recursive_quarters, layout_basic, uniq_sigmund, uniq_jessica,
          uniq_robin
D:3:      layout_basic, grunt_temple_overflow_lords_of_destruction,
          gammafunk_temple_overflow_arena, kiku_gazebo_pond_becter,
          serial_rivers, chequers_serial_rivers_marsh,
          chequers_serial_rivers_micro_c, chequers_serial_rivers_marsh,
          chequers_serial_rivers_marsh, chequers_serial_rivers_small_a,
          chequers_serial_rivers_small_3, uniq_grinder
D:4:      layout_cave_pools, grunt_temple_overflow_open,
          nicolae_gozag_seed_capital, chequers_arboretum,
          ebering_dispersal_statue_hall
D:5:      layout_loops_ring, first_ration, hangedman_decor_points
D:6:      layout_gridville, serial_shops, nicolae_shop_behind_doors,
          uniq_crazy_yiuf_cottage
D:7:      layout_basic, minmay_temple_entry_ruins, serial_shops,
          nicolae_shop_statue_plus, grunt_ogre_cave
D:8:      layout_cave_pools, gammafunk_ghost_smash, serial_column_ruins,
          column_ruins_hut, column_ruins_courtyard_long, column_ruins_grid_1,
          column_ruins_open_large, column_ruins_columns_corner,
          column_ruins_columns_T, column_ruins_grid_1
D:9:      layout_loops_corners, nicolae_ru_path_of_blood, erik_orc_1, uniq_grum
D:10:     layout_cave_pools, david_lair_generic
Lair:1:   layout_cave_shapes, grunt_megastairs_5, minmay_lair_oklob_chamber
Lair:2:   layout_cave_shapes, lemuel_fruit_tree
Lair:3:   layout_loops_ring, elwin_shoals_entry_rocks,
          chequers_serial_rivers_large_a
Lair:4:   layout_layer_cave, nicolae_spider_entry_orb_guardian
Lair:5:   statuecave_lemuel, layout_loops_ring, beast_lair_carwin_7
Lair:6:   wormcave, layout_cave_pods, guppyfry_lair_end_dragon,
          minmay_slime_entry_oklob_open, gammafunk_lair_bear_cave

Skill      XL: |  1  2  3  4  5  6  7  8  9 10 11 12 13 |
---------------+----------------------------------------+-----
Axes           | 4 6 8 9 11 14 17 18 | 18.0
Dodging        | 6 7 9 |  9.7
Fighting       | 7 9 11 | 11.4
Shields        | 4 |  4.1
Evocations     | 3 5 |  5.0

Action                   |  1- 3 |  4- 6 |  7- 9 | 10-12 | 13-15 || total
-------------------------+-------+-------+-------+-------+-------++-------
Melee: Hand axe          |    73 |   134 |   494 |   259 |       ||   960
       Tailslap          |     9 |     7 |    76 |   127 |    72 ||   291
       Broad axe         |       |       |       |   469 |   284 ||   753
       Battleaxe         |       |       |       |       |    62 ||    62
Invok: Berserk           |       |     3 |     6 |    11 |     3 ||    23
       Trog's Hand       |       |     1 |     1 |     3 |       ||     5
       Brothers in Arms  |       |       |       |     5 |     3 ||     8
 Abil: Breathe Frost     |       |       |     2 |     4 |     8 ||    14
Evoke: Wand              |       |       |       |     3 |     5 ||     8
  Use: Potion            |     6 |     5 |     1 |     4 |     1 ||    17
       Scroll            |     2 |     2 |     7 |    11 |     2 ||    24
 Stab: Sleeping          |     1 |       |     4 |     1 |     1 ||     7
       Confused          |       |       |       |     1 |     1 ||     2
       Distracted        |       |       |       |       |     2 ||     2
  Eat: Chunk             |       |     4 |    14 |    22 |    14 ||    54
       Ration            |       |       |     2 |     6 |       ||     8
Armor: Skin              |    13 |    36 |   134 |   194 |    82 ||   459
Dodge: Dodged            |    58 |    88 |   229 |   425 |   178 ||   978
Block: Buckler           |       |       |    41 |    94 |    42 ||   177
